 Seeded DCSS version 0.31.0-12-g77e489cdc1 (webtiles) character file.

Game seed: 8148200556086615632 (custom seed)

1883 Buffagor the Martial Artist (level 9, -2/65 HPs)
             Began as a Merfolk Shapeshifter on Mar 8, 2024.
             Was a Believer of Wu Jian.
             Engulfed by a cloud of freezing vapour (16 damage)
             ... on level 5 of the Dungeon.
             The game lasted 00:13:48 (4324 turns).

Buffagor the Martial Artist (Merfolk Shapeshifter)  Turns: 4324, Time: 00:13:49

Health: -2/65      AC:  2    Str: 20    XL:     9   Next: 14%
Magic:  9/9        EV: 19    Int:  9    God:    Wu Jian [**....]
Gold:   309        SH:  0    Dex: 18    Spells: 8/8 levels left

rFire   . .          .
                       - Unarmed
rCold   . . .        (shield currently unavailable)
rNeg    . . .        g - melded +0 leather armour
rPois   .            w - +0 helmet {SInv}
rElec   .            (no cloak)
rCorr   .            (no gloves)
SInv    +            k - +0 pair of boots
Will    .....        (no amulet)
Stlth   +            h - +4 ring of slaying
HPRegen 0.30/turn    r - +6 ring of strength
MPRegen 0.11/turn

%: no passive effects
@: flux-form, glowing
A: glow, contaminating, (nimble swimmer 2), mertail
a: Begin Untransformation, Renounce Religion, Wall Jump


You were on level 5 of the Dungeon.
You worshipped Wu Jian.
Wu Jian was pleased with you.
You were something dangerously unstable.
You visited 1 branch of the dungeon, and saw 5 of its levels.
You also visited: Ossuary.

You collected 309 gold pieces.

Inventory:

Hand Weapons
 l - a +1 sling
Missiles
 e - 36 stones (quivered)
 t - 8 boomerangs
Armour
 g - a +0 leather armour (melded)
 k - a +0 pair of boots (worn)
 s - a +2 robe of cold resistance
 w - a +0 helmet of see invisible (worn)
Jewellery
 h - a +4 ring of slaying (left hand)
 r - a +6 ring of strength (right hand)
 F - a +4 ring of protection
Talismans
 c - a beast talisman
 d - a flux talisman (active)
Wands
 q - a wand of iceblast (12)
 D - a wand of mindburst (12)
Scrolls
 a - a scroll of enchant weapon
 j - a scroll of teleportation
 m - 2 scrolls of immolation
 n - a scroll of noise {unknown}
 o - 2 scrolls of blinking
 p - a scroll of revelation
 u - a scroll of poison {unknown}
 y - a scroll of fog {unknown}
 C - 2 scrolls of identify
Potions
 b - 2 potions of heal wounds {unknown}
 f - 5 potions of mutation
 i - a potion of magic
 v - 2 potions of lignification
 x - a potion of might {unknown}
 z - a potion of ambrosia {unknown}
 A - a potion of cancellation {unknown}
 B - a potion of haste {unknown}
 E - a potion of curing {unknown}
 G - a potion of resistance


   Skills:
 + Level 4.0 Fighting
 + Level 5.5 Dodging
 * Level 9.8 Unarmed Combat
 + Level 8.2 Shapeshifting


You had 8 spell levels left.
You didn't know any spells.
Your spell library contained the following spells:

 Spells                   Type           Power      Damage    Failure   Level
 Apportation              Tloc           0%         N/A       38%         1
 Sting                    Conj/Alch      0%         1d3       38%         1
 Jinxbite                 Hex            0%         N/A       52%         2
 Mercury Vapours          Alch/Air       0%         N/A       52%         2
 Static Discharge         Conj/Air       0%         3-3/arc   52%         2
 Airstrike                Air            0%         2d(0-16)  99%         4
 Leda's Liquefaction      Alch/Erth      0%         N/A       99%         4
 Olgreb's Toxic Radiance  Alch           0%         N/A       99%         4
 Summon Lightning Spire   Summ/Air       0%         N/A       99%         4
 Alistair's Intoxication  Alch           0%         N/A       100%        5
 Lee's Rapid Deconstruct  Erth           0%         3d4*      100%        5
 Bombard                  Conj/Erth      0%         9d1       100%        6


Dungeon Overview and Level Annotations

Branches:
Dungeon (5/15)            Ossuary (visited)
 Temple: D:4-7

Altars:
Elyvilon
Fedhas
Gozag
Kikubaaqudgha
Ru
Wu Jian
Xom
Zin
The Shining One

Shops:
D:2 *   D:5 :

Annotations:
D:5 1 transporter


Innate Abilities, Weirdness & Mutations

You are something dangerously unstable.
You glow with magical radiation, making you easy to see and hit.
Foes you strike become dangerously contaminated with magical radiation.
You are incapable of wielding weapons or throwing items.
((You are very nimble when in or above water. (Stealth+, EV+, Speed+++)))
Your lower body shifts to a powerful aquatic tail in water.


Message History

You punch the ice beast!
The ice beast begins to glow.
The ice beast is moderately wounded.
The ice beast misses you.
You barely miss the ice beast.
The ice beast is moderately wounded.
You barely miss the ice beast.
The ice beast is moderately wounded.
The ice beast barely misses you.
You punch the ice beast!
The ice beast glows dangerously bright.
The ice beast is severely wounded.
The ice beast hits you but does no damage.
The ice beast closely misses you.
You punch the ice beast!
The ice beast shudders as magic cascades through it!
You kill the ice beast!
The Council accepts your kill. The ice beast hits you.
The ice beast freezes you!
You hit the ice beast.
The ice beast begins to glow.
The ice beast is moderately wounded.
The ice beast closely misses you.
You punch the ice beast!
The ice beast glows dangerously bright.
The ice beast is heavily wounded.
You barely miss the ice beast.
The ice beast is heavily wounded.
The ice beast closely misses you.
You barely miss the ice beast.
The ice beast is heavily wounded.
The ice beast completely misses you.
You punch the ice beast!
The ice beast shudders as magic cascades through it!
You kill the ice beast!
The Council accepts your kill.
Your Fighting skill increases to level 4!
Unknown command.
You are engulfed in freezing vapours.
There is an open gate here.
You are engulfed in freezing vapours.
* * * LOW HITPOINT WARNING * * *
You are engulfed in freezing vapours.
You die...

..#.'.#.# #####...# #.#....##
####### #'#...#########☼○○○☼#
.......#○°○○○°#○○°○°##
.......#..°○○○#°○○○○######
.......#○°#.#.°°☼.$:#..#.##
......©#○☼©...○°°./©#©....##
.......#°○#.#.○○p.$)#..##..#
.......#○○°°°°#○°°○°##.....#
..####.#.☼○☼°○#○°°○○#....###
....##.########○°○○○#.###..#
..............#######.#∩#.###
#.........#...........#'#...#
.............####..........####
..##.........###....[)....##..#
...#.................<........###


There were no monsters in sight!

Vanquished Creatures
  Eustachio (D:4)
  2 black bears
  2 ice beasts (D:5)
  An ogre (D:5)
  A phantom (D:4)
  Blork the orc (D:4)
  A scorpion (D:3)
  2 burial acolytes
  6 water moccasin zombies (Ossuary)
  A howler monkey (D:5)
  A hound (D:4)
  2 orc priests (D:5)
  4 orc wizards
  Ijyb (D:3)
  Terence (D:3)
  3 iguanas
  2 crocodile zombies (Ossuary)
  2 hound zombies (D:5)
  A hound skeleton (D:5)
  2 mummies (Ossuary)
  2 howler monkey skeletons (D:5)
  An adder (D:3)
  4 shadow imps (D:5)
  2 ufetubi (D:5)
  An adder skeleton (D:5)
  5 adder zombies
  6 dart slugs
  3 ribbon worms
  9 orcs
  4 ball pythons
  6 endoplasms
  A giant cockroach (D:3)
  11 goblins
  10 hobgoblins
  4 jackals
  9 kobolds
  3 quokkas
  3 bats (D:1)
  2 frilled lizards
  14 gnoll zombies
  4 jackal zombies (Ossuary)
  2 kobold zombies (D:5)
  An orc zombie (Ossuary)
  2 rats (D:1)
146 creatures vanquished.

Notes
Turn   | Place    | Note
-------+----------+-------------------------------------------
     0 | D:1      | Buffagor the Merfolk Shapeshifter began the quest for the
                  | Orb.
     0 | D:1      | Reached XP level 1. HP: 15/15 MP: 1/1
   144 | D:1      | Reached XP level 2. HP: 14/21 MP: 2/2
   357 | D:1      | Reached XP level 3. HP: 25/26 MP: 3/3
   401 | D:1      | Reached skill level 4 in Unarmed Combat
   456 | D:1      | Noticed a golden eye
   458 | D:1      | Found a faded altar of an unknown god.
   459 | D:1      | Noticed a golden eye
   459 | D:1      | Noticed a shining eye
   459 | D:1      | Noticed a golden eye
   759 | D:2      | Found Luawk's General Store.
  1128 | D:2      | Reached skill level 5 in Shapeshifting
  1570 | D:3      | Noticed Terence
  1579 | D:3      | Killed Terence
  1580 | D:3      | Reached XP level 4. HP: 32/32 MP: 4/4
  1806 | D:3      | Noticed a scorpion
  1822 | D:3      | Killed a scorpion
  1823 | D:3      | Reached skill level 5 in Unarmed Combat
  1823 | D:3      | Reached XP level 5. HP: 21/37 MP: 5/5
  1889 | D:3      | Found an ornate altar of the Wu Jian Council.
  1909 | D:3      | Became a worshipper of the Wu Jian Council
  1981 | D:3      | Noticed Ijyb
  1997 | D:3      | Killed Ijyb
  2162 | D:3      | Found a sacrificial altar of Ru.
  2259 | D:4      | Noticed Eustachio
  2270 | D:4      | Killed Eustachio
  2271 | D:4      | Reached XP level 6. HP: 39/43 MP: 6/6
  2315 | D:4      | Reached skill level 6 in Unarmed Combat
  2479 | D:4      | Noticed a black bear
  2486 | D:4      | Killed a black bear
  2487 | D:4      | Reached skill level 7 in Unarmed Combat
  2487 | D:4      | Reached XP level 7. HP: 37/48 MP: 7/7
  2611 | D:4      | Noticed Blork the orc
  2617 | D:4      | Killed Blork the orc
  2678 | D:4      | Found a shimmering altar of Xom.
  2873 | D:4      | Reached * piety under Wu Jian
  2990 | D:5      | Entered Level 5 of the Dungeon
  3069 | D:5      | Reached skill level 8 in Unarmed Combat
  3106 | D:5      | Found a transporter.
  3131 | D:5      | Reached XP level 8. HP: 33/56 MP: 8/8
  3142 | D:5      | Found an ancient bone altar of Kikubaaqudgha.
  3158 | D:5      | Found a transporter.
  3159 | D:5      | Found a sand-covered staircase.
  3169 | Ossuary  | Entered an ossuary
  3492 | Ossuary  | Reached ** piety under Wu Jian
  3544 | Ossuary  | Reached skill level 9 in Unarmed Combat
  3883 | D:5      | Found an opulent altar of Gozag.
  3957 | D:5      | Reached skill level 5 in Dodging
  3976 | D:5      | Found a blossoming altar of Fedhas.
  4029 | D:5      | Reached XP level 9. HP: 65/65 MP: 9/9
  4081 | D:5      | Found a glowing silver altar of Zin.
  4081 | D:5      | Found a glowing golden altar of the Shining One.
  4082 | D:5      | Found a white marble altar of Elyvilon.
  4140 | D:5      | Found Imuir's Book Shoppe.
  4324 | D:5      | Engulfed by a cloud of freezing vapour

Illustrated notes

Levels and vault maps discovered:
D:1:      mrwooster_arrival_arrow, layout_rooms,
          hellmonk_ecumenical_altar_watching_god, minmay_indecisive_spiral
D:2:      layout_basic, serial_shops, shop_fountains, eino_tiny_chamber
D:3:      kennysheep_the_goblin_king, layout_rooms, nzn_wu_jian_contemplation,
          lemuel_tele_altar, uniq_terence
D:4:      nicolae_cairo_tiling_very_big, layout_rooms, xom_teletrap_fun,
          minivault_4, uniq_blork_the_orc, uniq_eustachio
D:5:      gammafunk_cloud_chamber, layout_cave_pools, good_gods_mini_temple,
          old_standard_altar, regret_index_kikubaaqudgha_part_by_part,
          grunt_gozag_statues, mainiacjoe_ossuary_entry_find_the_door,
          serial_shops, kennysheep_mini

Skill      XL: |  1  2  3  4  5  6  7  8  9 |
---------------+----------------------------+-----
Unarmed Combat | 4 5 7 8 9 |  9.8
Shapeshifting  | 5 6 7 8 |  8.2
Dodging        | 3 5 |  5.5
Fighting       | 3 4 |  4.0

Action                     |  1- 3 |  4- 6 |  7- 9 || total
---------------------------+-------+-------+-------++-------
  Melee: Unarmed           |    66 |    66 |   299 ||   431
         Punch             |     2 |     1 |       ||     3
  Throw: Stone             |    35 |    18 |       ||    53
Ability: Lunge             |       |     8 |    15 ||    23
    Use: Potion            |     1 |     1 |       ||     2
         Scroll            |       |       |     9 ||     9
 Armour: Leather armour    |    32 |    34 |       ||    66
         Animal skin       |     2 |       |       ||     2
         Skin              |     6 |     6 |    98 ||   110
  Dodge: Dodged            |    37 |    52 |   216 ||   305
   Form: Flux              |       |     1 |       ||     1
